 Dungeon Crawl Stone Soup version 0.18.1-48-g4cf74bf (webtiles) character file.

34 Alarkh the Conjurer (level 3, 0/24 HPs)
             Began as a Mummy Conjurer on Aug 6, 2016.
             Slain by a hobgoblin (2 damage)
             ... on level 2 of the Dungeon.
             The game lasted 00:01:31 (1558 turns).

Alarkh the Conjurer (Mummy Conjurer)                Turns: 1558, Time: 00:01:32

Health: 0/24       AC:  2    Str: 11    XL:     3   Next: 14%
Magic:  0/7        EV: 12    Int: 15    God:
Gold:   107        SH:  0    Dex: 12    Spells: 2 memorised, 4 levels left

rFire  x . .     SeeInvis .     c - +0 short sword
rCold  + . .     Gourm    .     a - +0 robe
rNeg   + + +     Faith    .     (no shield)
rPois  ∞         Spirit   .     (no helmet)
rElec  .         Dismiss  .     (no cloak)
rCorr  .         Reflect  .     (no gloves)
SustAt .         Harm     .     (no boots)
MR     .....                    (no amulet)
Stlth  ++........               (no ring)
                                (no ring)

@: not resistant to hostile enchantments, unstealthy
A: no food or potions, fire vulnerability, cold resistance 1, negative energy
resistance 3, torment resistance, unbreathing
a: no special abilities


You were on level 2 of the Dungeon.
You were not hungry.

You visited 1 branch of the dungeon, and saw 2 of its levels.

You collected 107 gold pieces.

Inventory:

Hand Weapons
 c - a +0 short sword (weapon)
Armour
 a - a +0 robe (worn)
Jewellery
 d - an uncursed ring of ice {unknown}
Scrolls
 e - a scroll of recharging {unknown}
 f - a scroll of magic mapping {unknown}
 g - a scroll of enchant weapon {unknown}
 h - a scroll of teleportation {unknown}
 i - 4 scrolls of noise {unknown}
 j - 2 scrolls of identify {unknown}
 k - a scroll of remove curse {unknown}
Books
 b - a book of Conjurations

   Spells                             Type                      Level
   a - Magic Dart                     Conjuration                  1
   b - Searing Ray                    Conjuration                  2
   c - Dazzling Spray                 Conjuration/Hexes            3
   d - Fulminant Prism                Conjuration/Hexes            4
   e - Iskenderun's Mystic Blast      Conjuration                  4
   f - Iskenderun's Battlesphere      Conjuration/Charms           5


   Skills:
 - Level 1.5 Dodging
 - Level 1.5 Stealth
 + Level 2.9 Spellcasting
 + Level 3.6 Conjurations


You had 4 spell levels left.
You knew the following spells:

 Your Spells              Type           Power        Failure   Level  Hunger
a - Magic Dart            Conj           ##..         6%          1    N/A
b - Searing Ray           Conj           ##....       10%         2    N/A

Dungeon Overview and Level Annotations

Branches:
Dungeon (2/15)

Altars:
Okawaru


Innate Abilities, Weirdness & Mutations

You do not eat or drink.
Your flesh is vulnerable to fire.
You are immune to poison.
Your flesh is cold resistant.
You are immune to negative energy.
You are immune to unholy pain and torment.
You can survive without breathing.


Message History

* * * LOW HITPOINT WARNING * * *
Casting: Magic Dart
Confirm with . or Enter, or press ? or * to list all spells.
Aiming: Magic Dart
Press: ? - help, Shift-Dir - straight line, f/p - hobgoblin
Aim: a hobgoblin, wearing a chain mail (almost dead)
The magic dart hits the hobgoblin.
The hobgoblin is almost dead.
The hobgoblin hits you.
* * * LOW HITPOINT WARNING * * *
Casting: Magic Dart
Confirm with . or Enter, or press ? or * to list all spells.
Aiming: Magic Dart
Press: ? - help, Shift-Dir - straight line, f/p - hobgoblin
Aim: a hobgoblin, wearing a chain mail (almost dead)
The magic dart hits the hobgoblin.
The hobgoblin is almost dead.
The hobgoblin barely misses you. The hobgoblin hits you.
You die...

##################
#...).........(...
###.#.#^##.#####.###
#..@..#.##.# #.# #
#.g#..#.##.#####.###
#.#_#..>...........'
#..#..##########.###
#.....# #.......# #
#.##### #.#######
#)# .####
##.#########......
#<....Krgr.).#


You could see a hobgoblin.

Vanquished Creatures
  An ooze (D:1)
  A worm (D:2)
  A giant gecko (D:2)
  A ball python (D:1)
  3 goblins
  2 hobgoblins
  7 bats
  4 giant newts
  4 kobolds
  4 rats
28 creatures vanquished.

Notes
Turn   | Place    | Note
--------------------------------------------------------------
     0 | D:1      | Alarkh the Mummy Conjurer began the quest for the Orb.
     0 | D:1      | Reached XP level 1. HP: 13/13 MP: 3/3
   360 | D:1      | Reached XP level 2. HP: 15/19 MP: 0/5
  1167 | D:2      | Found an iron altar of Okawaru.
  1485 | D:2      | Reached XP level 3. HP: 24/24 MP: 4/7
  1489 | D:2      | Learned a level 2 spell: Searing Ray
  1492 | D:2      | Found a faded altar to an unknown god.
  1552 | D:2      | HP: 1/24 [hobgoblin (2)]
  1558 | D:2      | Slain by a hobgoblin

Action                   || total
-------------------------++-------
Melee: Unarmed           ||    10
       Short sword       ||    41
 Cast: Magic Dart        ||    55
Armor: Robe              ||    16
Dodge: Dodged            ||    49
